 Dungeon Crawl Stone Soup version 0.31-a0-986-g5e6e4ef867 (webtiles) character file.

Game seed: 16689928999358114561

5824 Dittersdorf the Protected (level 11, -7/87 HPs)
             Began as a Human Fighter on Nov 7, 2023.
             Was an Initiate of Gozag.
             Killed by divine providence
             ... invoked by a meliai
              (15 damage)
             ... on level 10 of the Dungeon.
             The game lasted 00:11:27 (9253 turns).

Dittersdorf the Protected (Human Fighter)           Turns: 9253, Time: 00:11:28

Health: -7/87      AC: 30    Str: 21    XL:     11   Next: 7%
Magic:  11/11      EV:  3    Int:  8    God:    Gozag
Gold:   1308       SH:  6    Dex: 13    Spells: 10/10 levels left

rFire   + . .        k - +2 falchion (elec)
rCold   + . .        c - +0 buckler
rNeg    . . .        r - +10 gold dragon scales "Ipehere" {+Blink rPois rF+ rC+}
rPois   +            (no helmet)
rElec   .            q - +0 cloak
rCorr   .            n - +1 pair of gloves
SInv    .            (no boots)
Will    .....        x - amulet of faith Stlth
                     j - ring of wizardry
HPRegen 0.34/turn    h - ring of poison resistance
MPRegen 0.12/turn

%: faith, wizardry (x1)
@: mighty, gold aura
A: no striking features
a: Renounce Religion, Evoke Blink, Potion Petition, Call Merchant, Bribe Branch


You were on level 10 of the Dungeon.
You worshipped Gozag.
Gozag was most pleased with you.
You visited 2 branches of the dungeon, and saw 11 of its levels.

You collected 1515 gold pieces.
You paid 207 gold pieces to Gozag.

Inventory:

Hand Weapons
 a - a +0 long sword of venom
 k - a +2 falchion of electrocution (weapon)
Armour
 c - a +0 buckler (worn)
 n - a +1 pair of gloves (worn)
 q - a +0 cloak (worn)
 r - the +10 gold dragon scales "Ipehere" (worn) {+Blink rPois rF+ rC+}
   (You acquired it on level 4 of the Dungeon)

   rF+:       It protects you from fire.
   rC+:       It protects you from cold.
   rPois:     It protects you from poison +Blink: It lets you blink.
Jewellery
 g - a ring of ice
 h - a ring of poison resistance (right hand)
 j - a ring of wizardry (left hand)
 x - an amulet of faith (around neck)
Wands
 f - a wand of iceblast (20)
 t - a wand of flame (49) (quivered)
 y - a wand of acid (10)
Scrolls
 l - 5 scrolls of teleportation
 m - 2 scrolls of enchant weapon
 s - a scroll of brand weapon
 w - a scroll of poison
 C - 3 scrolls of enchant armour
 D - a scroll of fog
Potions
 b - a potion of heal wounds
 e - 2 potions of curing
 i - 2 potions of enlightenment
 o - a potion of resistance
 p - 2 potions of mutation
 u - a potion of cancellation {unknown}
 v - a potion of haste {unknown}
 z - a potion of magic {unknown}


   Skills:
 + Level 8.5 Fighting
 + Level 8.2 Long Blades
 + Level 8.5 Armour
 + Level 8.5 Shields


You had 10 spell levels left.
You didn't know any spells.
Your spell library contained the following spells:

 Spells                   Type           Power      Damage    Failure   Level
 Magic Dart               Conj           0%         1d3       100%        1
 Call Imp                 Summ           0%         N/A       100%        2
 Ignite Poison            Fire/Tmut/Pois 0%         N/A       100%        3
 Mephitic Cloud           Conj/Pois/Air  0%         N/A       100%        3
 Tukima's Dance           Hex            0%         N/A       100%        3
 Dimensional Bullseye     Hex/Tloc       0%         N/A       100%        4
 Iskenderun's Mystic Bla  Conj/Tloc      0%         2d3       100%        4
 Sticky Flame             Conj/Fire      0%         2d3       100%        4
 Ignition                 Fire           0%         3d3       100%        8


Dungeon Overview and Level Annotations

Branches:
Dungeon (10/15)            Temple (1/1) D:4
   Lair: D:8-11         Orc: D:9-12

Altars:
Ashenzari
Cheibriados
Dithmenos
Elyvilon
Fedhas
Gozag
Hepliaklqana
Kikubaaqudgha
Makhleb
Nemelex Xobeh
Okawaru
Qazlal
Ru
Sif Muna
Trog
Uskayaw
Vehumet
Wu Jian
Xom
Yredelemnul
Zin
The Shining One

Shops:
D:1 *   D:6 *   D:9 :


Message History

* * * LOW HITPOINT WARNING * * *
You block the troll's attack.
You barely miss the troll.
The troll is almost dead.
The troll bites you but does no damage. The troll claws you but does no damage.
The troll claws you.
* * * LOW HITPOINT WARNING * * *
You barely miss the troll.
The troll is almost dead.
The troll bites you.
* * * LOW HITPOINT WARNING * * *
The troll claws you but does no damage. The troll claws you.
* * * LOW HITPOINT WARNING * * *
You barely miss the troll.
The troll is almost dead.
The troll bites you but does no damage. The troll claws you but does no damage.
You block the troll's attack.
You hit the troll.
The troll is almost dead.
The troll bites you but does no damage. The troll barely misses you. x2
You slash the troll!
You kill the troll!
You slash the meliai!
The meliai is heavily wounded.
You block the meliai's attack.
The meliai stings you but does no damage.
The meliai barely misses you.
The meliai stings you but does no damage.
You hit the meliai.
The meliai is almost dead.
The meliai hits you with a +0 war axe.
* * * LOW HITPOINT WARNING * * *
The meliai stings you but does no damage.
The meliai hits you but does no damage. You block the meliai's attack.
You miss the meliai.
The meliai is almost dead.
The meliai mumbles some strange prayers to its god against you.
Something smites you!
You die...
Your body crumbles into a pile of gold.

..#
#.....>.....#..............
..#
#.........................#
..#
##...###......#......#####.#
..####....#.#.....##......#
#..
.......####'####..##)))...#
###.#
..####.#.^#.#^.#..##......#
#.... .##
#.##^#.#^##.###......###....
.# #.#.^#.#^.#.#
##.###....))_. ##
#.##^#.#^##@# #...###)#.... #
#.#.^#.#^.#y# ###.# #.#.... #
#.####'####y# ###.###.###.# #
#..........y# #.....#.....# #
##.........#####.....#####.# #
###.........###.............#
#
#.'.........##>.#...........#
#
##.#.........##.##...........#
#
#..#.......<.##.##...........#


You could see a meliai and 2 killer bees.

Vanquished Creatures
  A two-headed ogre (D:7)
  Pikel (D:9)
  A kobold demonologist (D:8)
  A troll (D:10)
  2 shadows
  A wyvern (D:10)
  Menkaure (D:5)
  A water moccasin (D:9)
  3 ice beasts
  5 orc warriors
  A sky beast (D:8)
  A black bear (D:7)
  3 ogres
  3 centaurs
  A phantom (D:5)
  2 kobold brigands
  3 bullfrogs
  2 gnoll sergeants
  A scorpion (D:7)
  12 wights
  A howler monkey (D:9)
  A jelly (D:7)
  A hound (D:4)
  6 orc priests
  4 iguanas
  3 iron imps (D:7)
  9 orc wizards
  8 gnolls
  15 adders
  A shadow imp (D:7)
  4 white imps
  4 ufetubi
  2 worms
  A dart slug (D:2)
  43 orcs
  6 ball pythons
  5 endoplasms
  5 giant cockroaches
  8 goblins
  4 hobgoblins
  2 jackals (D:3)
  2 quokkas
  4 bats
  A frilled lizard (D:3)
  17 kobolds
  6 rats
209 creatures vanquished.

Notes
Turn   | Place    | Note
-------+----------+-------------------------------------------
     0 | D:1      | Dittersdorf the Human Fighter began the quest for the Orb.
     0 | D:1      | Reached XP level 1. HP: 18/18 MP: 1/1
    91 | D:1      | Found Bewar's Assorted Antiques.
    98 | D:1      | Reached XP level 2. HP: 16/24 MP: 2/2
   493 | D:2      | Reached XP level 3. HP: 27/29 MP: 3/3
   638 | D:2      | Reached XP level 4. HP: 35/35 MP: 4/4
  1110 | D:3      | Reached XP level 5. HP: 41/42 MP: 5/5
  1375 | D:3      | Found a faded altar of an unknown god.
  1376 | D:3      | Noticed a shining eye
  1378 | D:3      | Noticed a great orb of eyes
  1378 | D:3      | Noticed a golden eye
  1378 | D:3      | Noticed a glass eye
  1576 | D:3      | Found a bloodstained altar of Trog.
  1734 | D:4      | Identified a scroll of acquirement
  1734 | D:4      | Acquired the +10 gold dragon scales "Ipehere" {+Blink rPois
                  | rF+ rC+}
  1840 | D:4      | Reached XP level 6. HP: 36/48 MP: 6/6
  2001 | D:4      | Found a staircase to the Ecumenical Temple.
  2011 | Temple   | Entered the Ecumenical Temple
  2124 | D:4      | Found a snail-covered altar of Cheibriados.
  2268 | D:4      | Found an iron altar of Okawaru.
  2411 | D:4      | Found a shimmering blue altar of Sif Muna.
  2439 | D:5      | Entered Level 5 of the Dungeon
  2455 | D:5      | Noticed Menkaure
  2472 | D:5      | Killed Menkaure
  2473 | D:5      | Reached XP level 7. HP: 43/55 MP: 7/7
  2516 | D:5      | Noticed a shadow
  2536 | D:5      | Killed a shadow
  2725 | D:5      | Reached skill level 5 in Fighting
  2725 | D:5      | Reached skill level 5 in Armour
  2725 | D:5      | Reached skill level 5 in Shields
  2883 | D:5      | Acquired 876 gold pieces
  3017 | D:5      | Reached XP level 8. HP: 60/62 MP: 8/8
  3080 | D:5      | Found a sparkling altar of Nemelex Xobeh.
  3571 | D:6      | Reached skill level 5 in Long Blades
  3738 | D:6      | Found Joneolap's Overcharged Wands.
  3896 | D:6      | Identified the +7 plate armour of the Ego {Fly Regen+ Int-5
                  | Dex+3}
  4009 | D:7      | Reached XP level 9. HP: 69/69 MP: 9/9
  5061 | D:7      | Found a burning altar of Makhleb.
  6242 | D:8      | Reached XP level 10. HP: 27/77 MP: 10/10
  6700 | D:8      | Noticed a two-headed ogre
  6700 | D:8      | Noticed a kobold demonologist
  6767 | D:7      | Killed a two-headed ogre
  6941 | D:8      | Killed a kobold demonologist
  7982 | D:9      | Noticed Pikel
  7990 | D:9      | Killed Pikel
  8718 | D:9      | Found a white marble altar of Elyvilon.
  8812 | D:9      | Found Xout's Book Emporium.
  8847 | D:10     | Entered Level 10 of the Dungeon
  8991 | D:10     | Found an opulent altar of Gozag.
  9014 | D:10     | Reached XP level 11. HP: 67/87 MP: 11/11
  9021 | D:10     | Became a worshipper of Gozag Ym Sagoz the Greedy
  9191 | D:10     | Noticed a centaur warrior
  9193 | D:10     | Noticed a two-headed ogre
  9253 | D:10     | Killed from afar by a meliai

Illustrated notes

Levels and vault maps discovered:
D:1:      co_arrival_square_in_a_square_in_a_square, layout_rooms, serial_shops,
          nicolae_shop_dealshenge, minmay_tetromino_t2
D:2:      layout_rooms
D:3:      layout_rooms, bloody_trog, hellmonk_ecumenical_altar_watching_god
D:4:      layout_loops_ring, kennysheep_mini, lemuel_crystal_altar,
          kennysheep_mini_moat, minmay_temple_entry_glass
D:5:      layout_loops_ring, nemelex_dance_club_becter, uniq_menkaure
D:6:      layout_rooms, nicolae_shop_overcharged_wands
D:7:      layout_basic, demons_altar, serial_co_window_serial,
          co_window_corner_a, co_window_paths_a, co_window_corner_a,
          co_window_paths_b, co_window_corner_a, co_window_paths_a,
          co_window_of_opportunity_a, co_window_broadway_a,
          co_window_of_opportunity_b, co_window_corner_b, co_window_sun,
          glass_columns_a, glass_columns_b, corexii_item_surrounded_by_moat
D:8:      layout_basic
D:9:      layout_roguey, lemuel_coloured_pillars_altar, serial_shops, shop,
          uniq_pikel
D:10:     layout_roguey, nicolae_overflow_crystal_walls, orc_0_dummy,
          grunt_tough_drop, uniq_maurice
Temple:   nicolae_temple_great_sept

Skill      XL: |  1  2  3  4  5  6  7  8  9 10 |
---------------+-------------------------------+-----
Long Blades    | 3 4 5 6 8 |  8.2
Fighting       | 4 5 7 8 |  8.5
Armour         | 4 5 6 7 8 |  8.5
Shields        | 4 5 6 7 8 |  8.5

Action                     |  1- 3 |  4- 6 |  7- 9 | 10-12 || total
---------------------------+-------+-------+-------+-------++-------
  Melee: Long sword        |    69 |    67 |       |       ||   136
         Falchion          |       |    97 |   384 |   272 ||   753
  Evoke: Wand              |       |       |       |     3 ||     3
    Use: Scroll            |       |    15 |     3 |     3 ||    21
         Potion            |       |       |     4 |     2 ||     6
 Armour: Chain mail        |    65 |    26 |       |       ||    91
         Ring mail         |       |    60 |       |       ||    60
         Gold dragon scale |       |    54 |   532 |   341 ||   927
  Dodge: Dodged            |    22 |    70 |    54 |    44 ||   190
  Block: Buckler           |    19 |    38 |   117 |    86 ||   260

Table legend: (Time is in decaauts)
 A = Elapsed time spent in this place.
 B = Non-inter-level travel time spent in this place.
 C = Inter-level travel time spent in this place.
 D = Time resting spent in this place.
 E = Time spent auto-exploring this place.
 F = Levels seen in this place.
 G = Mean time per level.
                   A        B        C        D        E       F      G
               +--------+--------+--------+--------+--------+-----+--------+
         Total |   9320 |   9048 |    272 |   1508 |   5628 |  11 |  847.3 |
       Dungeon |   9302 |   9030 |    272 |   1505 |   5628 |  10 |  930.2 |
        Temple |     18 |     18 |      0 |      3 |      0 |   1 |   18.0 |
               +--------+--------+--------+--------+--------+-----+--------+

Top non-repeatable levels by time:
     D:8: 1999 daAuts
     D:7: 1736 daAuts
     D:5: 985 daAuts
     D:9: 956 daAuts
     D:6: 729 daAuts
     D:4: 675 daAuts
     D:3: 663 daAuts
     D:2: 659 daAuts
     D:1: 499 daAuts
    D:10: 398 daAuts
  Temple: 18 daAuts
